 Dungeon Crawl Stone Soup version 0.23.2-40-g277498a001 (webtiles) character file.

Game seed: 4760699491700953222

562 Exodus22XD the Spear-Bearer (level 7, 0/54 HPs)
             Began as a Merfolk Gladiator on Aug 28, 2019.
             Was an Initiate of Ashenzari.
             Killed from afar by an orc wizard (2 damage)
             ... with a magic dart
             ... on level 4 of the Dungeon.
             The game lasted 00:13:10 (3374 turns).

Exodus22XD the Spear-Bearer (Merfolk Gladiator)     Turns: 3374, Time: 00:13:11

Health: 0/54       AC:  4    Str: 16    XL:     7   Next: 31%
Magic:  7/7        EV: 13    Int:  8    God:    Ashenzari [......]
Gold:   152        SH:  8    Dex: 15    Spells: 6/6 levels left

rFire    . . .     SeeInvis .   a - +0 trident
rCold    . . .     Gourm    .   m - +0 shield (curse)
rNeg     . . .     Faith    .   l - +0 robe (curse)
rPois    .         Spirit   .   c - +0 helmet
rElec    .         Reflect  .   (no cloak)
rCorr    +         Harm     .   k - +0 pair of gloves
MR       .....                  (no boots)
Stlth    +.........             (no amulet)
HPRegen  0.18/turn              r - ring of resist corrosion
MPRegen  0.10/turn              (no ring)

@: hasted, very quick
A: change form in water, swift swim, stealthy swim
a: Curse Item, Renounce Religion


You were on level 4 of the Dungeon.
You worshipped Ashenzari.
Ashenzari was noncommittal.
You were not hungry.

You visited 1 branch of the dungeon, and saw 4 of its levels.

You collected 152 gold pieces.

Inventory:

Hand Weapons
 a - a +0 trident (weapon)
Missiles
 d - 2 throwing nets (quivered)
Armour
 b - a +0 leather armour
 c - a +0 helmet (worn)
 k - a +0 pair of gloves (worn)
 l - a cursed +0 robe (worn)
 m - a cursed +0 shield (worn)
Jewellery
 h - an uncursed ring of flight
 r - a ring of resist corrosion (left hand)
Scrolls
 e - 2 scrolls of remove curse
 i - a scroll of identify
 p - a scroll of teleportation {unknown}
 q - a scroll of enchant armour {unknown}
Potions
 g - a potion of haste
 j - 2 potions of might
 n - a potion of flight {unknown}
Comestibles
 f - 2 rations
 o - 3 chunks of flesh


   Skills:
 + Level 4.1 Fighting
 + Level 8.6 Polearms
 - Level 2.0 Throwing
 + Level 0.2 Armour
 + Level 6.1 Dodging
 + Level 2.2 Shields


You had 6 spell levels left.
You didn't know any spells.
Your spell library was empty.

Dungeon Overview and Level Annotations

Branches:
Dungeon (4/15)
 Temple: D:4-7

Altars:
Ashenzari
Gozag
Nemelex Xobeh
Xom
The Shining One


Message History

Things that are here:
a cursed -1 war axe; 7 stones; a +0 leather armour You puncture the orc wizard!
The orc wizard is heavily wounded.
The orc wizard gestures wildly while chanting.
The orc wizard seems to speed up.
Your shield prevents you from hitting the orc wizard.
The orc wizard is heavily wounded.
You block the orc wizard's attack.
You barely miss the orc wizard.
The orc wizard is heavily wounded.
The orc wizard hits you but does no damage.
You closely miss the orc wizard.
The orc wizard is heavily wounded.
You block the orc wizard's attack.
You closely miss the orc wizard.
The orc wizard is heavily wounded.
The orc wizard points at you and mumbles some strange words.
The magic dart hits you.
You die...

.... ...####..........# #...
...........##......# #..#
........#.###......# #..
##...#....###......#
#..###.......(...########
#..##.....#..##....##
#..............###..######
######........#..##.##........#
........##o###.o@##.##........#
.....##..#..##(#..#...........#
.... ###..#..))##...#.........#
.. #.......o####............#
#........# #..#.........#
#..).....# .............#
#........##..#.#.#.#..####
#...........##.........####
#.......)#####.#.#.#.#....##


You could see an orc wizard.

Vanquished Creatures
  A hungry ghost (D:4)
  A howler monkey (D:4)
  3 hounds (D:4)
  2 orc priests (D:3)
  2 orc wizards (D:4)
  A worker ant (D:4)
  8 adders
  An adder skeleton (D:3)
  3 leopard geckos
  12 orcs
  7 bats
  5 giant cockroaches
  8 goblins
  9 hobgoblins
  3 jackals (D:1)
  A quokka (D:3)
  A ball python (D:2)
  5 frilled lizards
  7 kobolds
  4 rats (D:3)
84 creatures vanquished.

Notes
Turn   | Place    | Note
-------+----------+-------------------------------------------
     0 | D:1      | Exodus22XD the Merfolk Gladiator began the quest for the
                  | Orb.
     0 | D:1      | Reached XP level 1. HP: 16/16 MP: 1/1
   104 | D:1      | Reached XP level 2. HP: 20/22 MP: 2/2
   344 | D:1      | Reached skill level 5 in Polearms
   913 | D:2      | Reached XP level 3. HP: 7/28 MP: 3/3
  1356 | D:2      | Reached XP level 4. HP: 26/34 MP: 4/4
  1598 | D:2      | Found a shattered altar of Ashenzari.
  1598 | D:2      | Found a shimmering altar of Xom.
  1604 | D:2      | Found a faded altar of an unknown god.
  1610 | D:2      | Found a faded altar of an unknown god.
  1613 | D:2      | Found a glowing golden altar of the Shining One.
  1632 | D:2      | Became a worshipper of Ashenzari the Shackled
  1781 | D:3      | Reached skill level 6 in Polearms
  1837 | D:3      | Reached skill level 5 in Dodging
  2012 | D:3      | Found an opulent altar of Gozag.
  2012 | D:3      | Found a sparkling altar of Nemelex Xobeh.
  2015 | D:3      | Reached XP level 5. HP: 31/41 MP: 5/5
  2277 | D:3      | Reached skill level 1 in Shields
  2717 | D:4      | Reached skill level 7 in Polearms
  2725 | D:4      | Reached XP level 6. HP: 41/47 MP: 6/6
  2829 | D:4      | HP: 1/48 [orc wizard/puff of frost (11)]
  2869 | D:4      | HP: 2/48 [hound (4)]
  3172 | D:4      | Noticed a hungry ghost
  3207 | D:4      | Killed a hungry ghost
  3207 | D:4      | Reached skill level 8 in Polearms
  3207 | D:4      | Reached XP level 7. HP: 41/54 MP: 7/7
  3354 | D:4      | HP: 1/54 [orc/+0 mace (6)]
  3366 | D:4      | HP: 1/54 [orc wizard/magic dart (2)]
  3374 | D:4      | Killed from afar by an orc wizard

Skill      XL: |  1  2  3  4  5  6 |
---------------+-------------------+-----
Polearms       | 5 6 7 8 |  8.6
Dodging        | 5 6 |  6.1
Fighting       | 3 4 |  4.1
Shields        | 1 2 |  2.2
Throwing       | |  2.0
Armour         | |  0.2

Action                   |  1- 3 |  4- 6 |  7- 9 || total
-------------------------+-------+-------+-------++-------
Melee: Trident           |   100 |   232 |    59 ||   391
Throw: Throwing net      |       |     2 |       ||     2
  Use: Scroll            |       |     4 |       ||     4
       Potion            |       |     3 |     1 ||     4
 Stab: Sleeping          |     2 |     3 |       ||     5
       Distracted        |       |     1 |       ||     1
  Eat: Chunk             |     1 |     6 |       ||     7
       Ration            |       |     1 |     1 ||     2
Armor: Leather armour    |    10 |       |       ||    10
       Robe              |    13 |    30 |     7 ||    50
       Skin              |       |     7 |       ||     7
Dodge: Dodged            |    65 |   100 |    33 ||   198
Block: Shield            |    11 |    67 |    44 ||   122
